 Dungeon Crawl Stone Soup version 0.27.0-1-g7a089689b8 (webtiles) character file.

Game seed: 2141388572031562144

429 Ozzies the Skirmisher (level 6, 0/55 HPs)
             Began as a Palentonga Monk on Aug 1, 2021.
             Succumbed to a scorpion's poison
             ... on level 3 of the Dungeon.
             The game lasted 00:07:51 (4612 turns).

Ozzies the Skirmisher (Palentonga Monk)             Turns: 4612, Time: 00:07:51

Health: 0/55       AC:  4    Str: 16    XL:     6   Next: 66%
Magic:  6/6        EV: 10    Int: 13    God:
Gold:   132        SH:  4    Dex:  9    Spells: 5/5 levels left

rFire    + . .     SeeInvis +     - Unarmed
rCold    . . .     Faith    .   g - +0 buckler
rNeg     . . .     Spirit   .   a - +0 robe
rPois    .         Reflect  .   (no helmet)
rElec    .         Harm     .   (no cloak)
rCorr    .         Rampage  .   (no gloves)
Will     .....                  (no barding)
Stlth    ++........             (no amulet)
HPRegen  0.18/turn              b - ring "Nyshed" {rF+ Int+3 Dex-4 Slay+4 Stlth+}
MPRegen  0.10/turn              (no ring)

@: lethally poisoned (0 -> -8)
A: large, rugged brown scales 3, see invisible, deformed body, roll 1, armoured
tail
a: Rolling Charge


You were on level 3 of the Dungeon.
You visited 1 branch of the dungeon, and saw 4 of its levels.

You collected 132 gold pieces.

Inventory:

Missiles
 f - 98 stones (quivered)
 i - 81 sling bullets
Armour
 a - a +0 robe (worn)
 g - a +0 buckler (worn)
Jewellery
 b - the ring "Nyshed" (left hand) {rF+ Int+3 Dex-4 Slay+4 Stlth+}
   (You acquired it on level 1 of the Dungeon)

   [ring of slaying]

   Int:       It affects your intelligence (+3).
   Dex:       It affects your dexterity (-4).
   Slay:      It affects your accuracy & damage with ranged weapons and melee
   (+4).
   rF:        It protects you from fire.
   Stlth:     It makes you more stealthy.
Wands
 u - a wand of iceblast (8)
Scrolls
 k - a scroll of acquirement
 l - a scroll of vulnerability {unknown}
 p - a scroll of enchant weapon {unknown}
 q - a scroll of amnesia {unknown}
 r - 2 scrolls of teleportation {unknown}
 t - a scroll of blinking {unknown}
Potions
 c - a potion of magic {unknown}
 d - a potion of ambrosia {unknown}
 e - a potion of berserk rage {unknown}
 h - a potion of heal wounds {unknown}
 j - a potion of resistance {unknown}
 m - a potion of curing {unknown}
 n - a potion of brilliance {unknown}
 s - a potion of degeneration {unknown}


   Skills:
 * Level 6.1 Fighting
 - Level 2.4 Dodging
 - Level 1.2 Stealth
 + Level 2.3 Shields
 + Level 4.3 Unarmed Combat


You had 5 spell levels left.
You didn't know any spells.
Your spell library contained the following spells:

 Spells                   Type           Power      Damage    Failure   Level
 Ensorcelled Hibernation  Hex/Ice        0%         N/A       43%         2
 Spider Form              Tmut/Pois      0%         N/A       67%         3
 Shadow Creatures         Summ           N/A        N/A       100%        6


Dungeon Overview and Level Annotations

Branches:
Dungeon (4/15)
 Temple: D:4-7

Altars:
Ashenzari
Fedhas
Qazlal
Wu Jian


Innate Abilities, Weirdness & Mutations

You are completely covered in rugged brown scales. (AC +3, +7% HP)
You have supernaturally acute eyesight. (SInv)
Armour fits poorly on your strangely shaped body.
You can roll at nearby foes to attack.
You have a long armoured tail.


Message History

Throw: 4 javelins
Press: ? - help, Q - select action, (/) - cycle Shift-Dir - straight line, f/p - black bear
Aim: a black bear (lightly wounded, 69% to hit)
You throw a javelin.
The javelin pierces through the black bear!
The black bear is heavily wounded.
Throw: 3 javelins
Press: ? - help, Q - select action, (/) - cycle Shift-Dir - straight line, f/p - black bear
Aim: a black bear (heavily wounded, 69% to hit)
You throw a javelin.
The javelin barely misses the black bear.
Throw: 2 javelins
Press: ? - help, Q - select action, (/) - cycle Shift-Dir - straight line, f/p - black bear
Aim: a black bear (heavily wounded, 69% to hit)
You throw a javelin.
The javelin pierces through the black bear.
The black bear is heavily wounded.
The black bear bites you. The black bear barely misses you.
The black bear closely misses you.
You closely miss the black bear.
The black bear is heavily wounded.
The black bear bites you. The black bear completely misses you.
The black bear claws you.
You hit the black bear.
The black bear is severely wounded.
The black bear barely misses you. You block the black bear's attack.
The black bear claws you.
You closely miss the black bear.
The black bear is severely wounded.
The black bear bites you.
The black bear claws you but does no damage.
The black bear claws you.
You hit the black bear.
The black bear is almost dead.
The black bear goes berserk!
You hit the black bear.
The black bear is almost dead.
The black bear barely misses you. The black bear claws you. x2
You hit the black bear.
The black bear is almost dead.
The black bear bites you!
The black bear claws you but does no damage. x2
The black bear barely misses you. The black bear claws you. x2
* * * LOW HITPOINT WARNING * * *
You punch the black bear!
You kill the black bear!
Your Fighting skill increases to level 6!
You see here a black bear corpse.
A scorpion is nearby!
A scorpion is nearby!
A scorpion is nearby!
There's nothing you can charge at!
Throw: javelin
Press: ? - help, Q - select action, (/) - cycle Shift-Dir - straight line, f - scorpion
Aim: a scorpion (wandering, hasn't noticed you, 63% to hit)
You throw a javelin. The javelin barely misses the scorpion.
Throw: 100 stones
Press: ? - help, Q - select action, (/) - cycle Shift-Dir - straight line, f/p - scorpion
Aim: a scorpion (63% to hit)
You throw a stone. The stone closely misses the scorpion.
Throw: 99 stones
Press: ? - help, Q - select action, (/) - cycle Shift-Dir - straight line, f/p - scorpion
Aim: a scorpion (63% to hit)
You throw a stone. The stone hits the scorpion.
The scorpion is lightly wounded.
The scorpion closely misses you.
There is a stone staircase leading up here.
The scorpion stings you.
You climb upwards.
There is a stone staircase leading down here.
The scorpion stings you but does no damage.
The scorpion closely misses you. The scorpion barely misses you.
The scorpion enters a dispersal trap!
You blink.
The scorpion blinks!
The scorpion stings you. The scorpion stings you! The scorpion stings you.
You are poisoned.
The scorpion poisons you!
You feel very sick. Why would you want to do that?
You feel sick.
You feel sick.
You feel sick.
You feel sick. You block the scorpion's attack.
You feel sick.
You feel sick.
You feel sick.
You feel sick.
You are no longer poisoned.
The scorpion misses you. The scorpion stings you.
* * * LOW HITPOINT WARNING * * *
You are lethally poisoned!
The scorpion poisons you!
* * * LOW HITPOINT WARNING * * *
You feel very sick.
* * * LOW HITPOINT WARNING * * *
You feel sick.
You die...

'#.#...............#
.#.#...............#
)#.#.....####......##########
.#.#.....# #...............#
.#.#.....# ####.≈.≈≈≈≈≈.≈..##
.#.#.....# #.≈.......≈...#
.#.#.....# #.≈.≈...≈.≈...#
.#.####### #.≈.≈._.≈.≈.#.#
.#.# #@≈.≈...≈.≈.#.# .#.#
##.≈.......≈.#.# .#.#
#.s≈.≈≈≈≈≈.≈...# .#.#
#............### .#.#
#.####..#.#### ##.#
#.........# #.# ######.####
##.####### #.# .........# #.#


You could see a scorpion.

Vanquished Creatures
  Sigmund (D:3)
  A black bear (D:4)
  An orc priest (D:3)
  A hound skeleton (D:4)
  5 adders
  An ufetubus (D:4)
  A worm (D:3)
  2 orcs (D:3)
  3 endoplasms
  3 giant cockroaches
  8 goblins
  7 hobgoblins
  11 jackals
  5 kobolds
  5 quokkas
  6 ball pythons
  8 bats
  6 frilled lizards
  7 rats
82 creatures vanquished.

Notes
Turn   | Place    | Note
-------+----------+-------------------------------------------
     0 | D:1      | Ozzies the Palentonga Monk began the quest for the Orb.
     0 | D:1      | Reached XP level 1. HP: 19/19 MP: 1/1
   243 | D:1      | Reached XP level 2. HP: 19/25 MP: 2/2
   754 | D:1      | Reached skill level 4 in Fighting
   866 | D:1      | Reached XP level 3. HP: 26/32 MP: 3/3
  1511 | D:1      | Identified a scroll of acquirement
  1511 | D:1      | Acquired the ring "Nyshed" {rF+ Int+3 Dex-4 Slay+4 Stlth+}
  2042 | D:2      | Reached XP level 4. HP: 40/40 MP: 4/4
  2046 | D:2      | Found a blossoming altar of Fedhas.
  2551 | D:3      | Reached skill level 1 in Shields
  2899 | D:3      | Found a stormy altar of Qazlal.
  3145 | D:3      | Found a broken altar of Ashenzari.
  3359 | D:3      | Reached skill level 5 in Fighting
  3359 | D:3      | Reached XP level 5. HP: 46/47 MP: 5/5
  3452 | D:3      | Found an ornate altar of the Wu Jian Council.
  3836 | D:3      | Noticed Sigmund
  3848 | D:3      | Killed Sigmund
  3849 | D:3      | Reached XP level 6. HP: 40/55 MP: 6/6
  4464 | D:4      | Reached skill level 6 in Fighting
  4611 | D:3      | HP: 2/55 [poisoned by a scorpion]
  4612 | D:3      | Succumbed to a scorpion's poison

Illustrated notes

Levels and vault maps discovered:
D:1:      dpeg_arrival_castle, layout_loops_ring, minivault_19
D:2:      layout_basic, basic_altar
D:3:      layout_basic, mainiacjoe_overflow_cross_hatched,
          pdpol_wu_jian_five_deadly_venoms, nicolae_qazlal_scattered_showers,
          uniq_sigmund
D:4:      layout_loops_ring, skrybe_limestone_x, supply_closet_lemuel,
          minmay_mini_jars, uniq_duvessa

Skill      XL: |  1  2  3  4  5  6 |
---------------+-------------------+-----
Fighting       | 4 5 6 |  6.1
Shields        | 1 2 |  2.3
Unarmed Combat | 4 |  4.3
Dodging        | |  2.4
Stealth        | |  1.2

Action                   |  1- 3 |  4- 6 || total
-------------------------+-------+-------++-------
Melee: Unarmed           |   140 |   101 ||   241
       Tailslap          |    14 |    11 ||    25
       Punch             |     3 |     1 ||     4
Throw: Javelin           |       |    12 ||    12
       Stone             |       |     3 ||     3
 Abil: Rolling Charge    |    11 |       ||    11
  Use: Scroll            |     1 |       ||     1
 Stab: Sleeping          |     6 |     5 ||    11
Armor: Robe              |    44 |    22 ||    66
Dodge: Dodged            |    87 |    75 ||   162
Block: Buckler           |       |     5 ||     5
